Map: Ley Lines

Players

ShoWTimE - Winner!

  • Race: Protoss Protoss
  • League: Grandmaster
  • Spawn Location: 1:00

Zoun

  • Race: Protoss Protoss
  • League: Master
  • Spawn Location: 7:00

Event: HomeStory Cup XXVII

VOD

Have the link to the VOD?

Description

Time

  • Played on: June 29, 2025, 4:16 p.m.
  • Length: 16:12

All games in this series

Show
View Real Time Build Order
Export as new Build Order

ShoWTimE Protoss - Winner!

Build Orders: Oracle Opening 

Get SALT Encoding   

  12  0:00  Probe  
  13  0:12  Probe  
  14  0:16  Pylon  
  14  0:23  Probe  
  15  0:31  Probe  
  16  0:35  Gateway  
  16  0:39  Probe  
  16  0:45  Assimilator  
  17  0:50  Probe  
  18  1:00  Probe, Assimilator  
  19  1:05  Pylon  
  19  1:08  Probe  
  19  1:17  Probe  
  20  1:23  Cybernetics Core  
  21  1:29  Probe  
  21  1:31  Zealot  
  24  1:41  Probe  
  25  1:53  Probe  
  26  2:00  Stargate  
  26  2:01  Adept  
  26  2:07  Warp Gate  
  28  2:19  Probe  
  28  2:20  Pylon  
  29  2:33  Oracle  
  29  2:34  Probe  
  33  2:48  Probe  
  34  2:52  Pylon  
  34  2:55  Stalker  
  34  3:00  Probe  
  34  3:02  Oracle  
  37  3:12  Probe  
  41  3:18  Nexus  
  41  3:23  Shield Battery  
  41  3:26  Shield Battery  
  41  3:27  Probe  
  42  3:39  Probe  
  43  3:52  Pylon  
  43  4:02  Twilight Council  
  43  4:05  Gateway  
  42  4:10  Probe  
  42  4:11  Stalker  
  44  4:22  Probe, Blink  
  45  4:29  Gateway  
  45  4:33  Probe  
  45  4:34  Probe  
  47  4:45  Probe  
  47  4:46  Probe  
  47  4:50  Stalker  
  51  4:57  Probe  
  51  4:58  Pylon, Probe  
  53  5:00  Stalker  
  55  5:10  Probe  
  55  5:11  Probe  
  57  5:15  Nexus  
  57  5:22  Probe  
  57  5:23  Probe, Stalker  
  57  5:27  Stalker  
  63  5:29  Pylon  
  63  5:34  Stalker  
  65  5:35  Probe  
  65  5:37  Probe  
  67  5:45  Forge  
  67  5:47  Probe  
  67  5:48  Assimilator  
  67  5:49  Probe  
  69  5:54  Stalker  
  71  5:57  Stalker  
  71  6:00  Probe  
  71  6:01  Pylon  
  74  6:06  Probe  
  74  6:09  Shield Battery  
  75  6:11  Adept  
  75  6:15  Probe, Protoss Ground Weapons Level 1  
  75  6:18  Probe  
  78  6:19  Stalker  
  78  6:22  Probe  
  81  6:26  Probe  
  81  6:27  Probe  
  81  6:31  Probe, Stalker  
  86  6:33  Stalker  
  86  6:34  Probe  
  86  6:39  Probe  
  91  6:41  Probe  
  91  6:44  Stalker  
  91  6:45  Probe  
  95  6:51  Probe  
  95  6:53  Probe  
  97  7:00  Stalker x2  
  97  7:01  Charge  
  101  7:09  Pylon  
  101  7:10  Pylon  
  101  7:11  Pylon  
  101  7:13  Gateway  
  101  7:15  Gateway  
  101  7:22  Gateway  
  101  7:24  Pylon, Gateway  
  101  7:26  Gateway  
  101  7:29  Nexus  
  101  7:34  Pylon  
  101  7:35  Robotics Facility  
  101  7:41  Stalker x2  
  101  7:43  Probe  
  101  7:44  Probe  
  107  7:50  Stalker  
  109  7:52  Assimilator  
  109  7:57  Photon Cannon  
  109  8:06  Stalker x2  
  109  8:10  Photon Cannon  
  109  8:11  Protoss Ground Weapons Level 2  
  109  8:12  Pylon  
  113  8:13  Stalker x3  
  113  8:15  Probe x2  
  113  8:16  Probe  
  122  8:20  Stalker x2  
  122  8:24  Observer  
  127  8:33  Zealot x3  
  127  8:34  Warp Prism  
  133  8:42  Zealot x3  
  141  8:49  Photon Cannon  
  141  8:52  Zealot x2  
  141  8:55  Zealot  
  147  8:58  Probe x4  
  147  9:13  Stalker x4  
  147  9:14  Zealot x2  
  157  9:28  Zealot x2  
  155  9:37  Probe  
  155  9:38  Gateway  
  156  9:39  Gateway  
  156  9:46  Shield Battery  
  156  9:50  Pylon  
  156  9:51  Pylon, Zealot x4  
  164  9:55  Pylon  
  164  9:58  Pylon  
  164  10:03  Pylon  
  161  10:08  Zealot  
  161  10:09  Zealot x3  
  169  10:14  Zealot x4  
  175  10:21  Gateway  
  175  10:25  Gateway  
  175  10:27  Probe x2  
  173  10:34  Stalker x6  
  173  10:35  Stalker x5  
  173  10:36  Stalker x2, Zealot  
  173  10:37  Nexus  
  173  10:38  Pylon  
  173  10:39  Observer  
  188  10:52  Zealot x2  
  192  10:59  Photon Cannon  
  192  11:01  Photon Cannon, Templar Archives  
  192  11:03  Shield Battery  
  160  11:12  Stalker x7  
  172  11:19  Probe x2  
  172  11:22  Stalker x4  
  172  11:38  Stalker x7  
  180  11:43  Probe x4  
  184  11:47  Zealot x3  
  184  11:53  Stalker x2  
  170  12:04  Stalker x5  
  180  12:13  Stalker x4  
  178  12:24  Stalker x3  
  178  12:25  Warp Prism  
  178  12:27  Probe x2  
  186  12:33  Zealot x5  
  198  12:39  Zealot  
  195  13:00  Stalker x4  
  198  13:06  Stalker  
  159  13:46  Nexus  
  159  13:48  Pylon  
  135  14:46  Pylon  
  135  14:48  Shield Battery  
  135  14:49  Pylon x2  
  135  14:52  Pylon  
  135  14:53  Pylon  
  135  14:55  Pylon  
  135  14:57  Pylon  
  135  14:59  Pylon  
  135  15:01  Pylon x2  
  135  15:05  Pylon  
  135  15:06  Pylon x2  
  135  15:27  Stalker x4  
  143  15:31  Stalker  
  143  15:32  Stalker x2  
  143  15:33  Zealot  
  137  15:45  Stalker  
  126  15:50  Zealot x4  
  126  15:55  Zealot x4  
Show
View Real Time Build Order
Export as new Build Order

Zoun Protoss 

Build Orders: Blink Stalkers 

Get SALT Encoding   

  12  0:00  Probe  
  13  0:12  Probe  
  14  0:16  Pylon  
  14  0:23  Probe  
  15  0:31  Probe  
  16  0:35  Gateway  
  16  0:39  Probe  
  16  0:45  Assimilator  
  17  0:50  Probe  
  17  0:54  Assimilator  
  18  0:59  Probe  
  19  1:07  Gateway, Probe  
  20  1:17  Probe  
  20  1:23  Cybernetics Core  
  21  1:29  Probe  
  22  1:34  Pylon  
  22  1:41  Probe  
  23  1:53  Probe  
  24  1:56  Stalker x2  
  28  2:02  Warp Gate  
  28  2:05  Probe  
  29  2:13  Pylon  
  29  2:16  Pylon  
  29  2:25  Stalker  
  29  2:29  Stalker  
  33  2:42  Cybernetics Core  
  32  2:50  Shield Battery  
  32  3:00  Sentry x2  
  36  3:15  Nexus  
  36  3:21  Pylon  
  36  3:23  Probe  
  37  3:35  Probe, Twilight Council  
  38  3:43  Blink  
  38  3:47  Probe  
  39  3:52  Stalker  
  41  3:59  Probe, Stalker  
  44  4:11  Probe  
  45  4:19  Pylon  
  45  4:20  Probe  
  43  4:26  Probe  
  43  4:28  Probe  
  44  4:34  Probe  
  44  4:38  Probe  
  45  4:44  Probe  
  46  4:50  Probe  
  48  4:56  Probe  
  49  5:01  Stalker x2  
  49  5:02  Probe  
  49  5:06  Phoenix  
  54  5:08  Probe  
  55  5:14  Probe  
  56  5:23  Probe  
  56  5:24  Nexus  
  56  5:25  Pylon  
  56  5:28  Stalker  
  59  5:34  Stalker  
  61  5:36  Probe x2  
  61  5:41  Robotics Facility  
  63  5:48  Probe, Shield Battery  
  64  5:50  Probe  
  64  5:53  Assimilator  
  65  5:58  Forge, Probe  
  65  6:00  Probe  
  67  6:06  Probe  
  67  6:08  Stalker  
  70  6:11  Stalker  
  70  6:13  Probe  
  70  6:17  Probe  
  70  6:18  Protoss Ground Weapons Level 1  
  73  6:19  Charge  
  73  6:20  Pylon  
  75  6:25  Probe  
  75  6:28  Observer, Gateway  
  75  6:31  Probe  
  76  6:36  Gateway, Probe  
  76  6:38  Probe  
  78  6:40  Probe  
  78  6:46  Probe  
  80  6:49  Photon Cannon  
  80  6:50  Probe x2  
  82  6:55  Stalker  
  82  6:57  Probe  
  84  7:04  Stalker  
  86  7:11  Shield Battery  
  86  7:12  Immortal  
  86  7:15  Probe x2  
  92  7:22  Probe  
  92  7:27  Gateway, Probe x2  
  92  7:28  Gateway  
  94  7:31  Gateway  
  94  7:35  Probe  
  94  7:37  Gateway  
  95  7:39  Probe  
  95  7:43  Stalker x2  
  100  7:51  Stalker  
  100  7:57  Pylon x2  
  100  7:58  Assimilator  
  100  8:01  Observer, Photon Cannon  
  100  8:03  Pylon  
  100  8:11  Protoss Ground Weapons Level 2, Templar Archives  
  100  8:13  Probe  
  100  8:14  Warp Prism  
  100  8:15  Probe  
  100  8:16  Observer  
  100  8:18  Probe  
  105  8:25  Nexus  
  105  8:26  Pylon  
  105  8:28  Zealot x2  
  105  8:32  Stalker x2  
  111  8:37  Zealot x2  
  115  8:47  High Templar x2  
  118  8:49  Shield Battery  
  118  8:50  Observer  
  118  8:52  Archon  
  118  8:54  Zealot x2  
  123  8:57  Pylon  
  123  8:59  Shield Battery  
  123  9:07  High Templar  
  123  9:08  High Templar  
  125  9:12  Archon  
  125  9:13  Nexus  
  125  9:15  Pylon  
  125  9:16  Pylon, Photon Cannon  
  125  9:21  Zealot x5  
  129  9:29  Immortal  
  122  9:31  Zealot  
  128  9:40  High Templar x2  
  128  9:41  Zealot x4  
  128  9:43  Observer  
  140  9:47  Archon  
  140  9:56  Gateway x2  
  140  9:59  Zealot  
  142  10:00  Immortal  
  136  10:07  Zealot x3  
  136  10:10  Zealot  
  136  10:11  Zealot  
  150  10:17  High Templar x2  
  147  10:22  Archon  
  147  10:24  Zealot  
  149  10:32  Observer  
  149  10:33  Zealot x4  
  149  10:34  Immortal  
  161  10:43  Zealot  
  161  10:44  Probe  
  161  10:45  Probe x2  
  167  10:52  High Templar x2  
  167  10:55  Pylon  
  167  10:56  Pylon  
  167  10:57  Probe, Archon  
  172  11:04  Pylon  
  166  11:05  Pylon  
  166  11:07  Nexus  
  158  11:16  Zealot x4  
  164  11:20  High Templar  
  164  11:21  High Templar  
  164  11:23  Zealot x2  
  164  11:24  Archon  
  172  11:27  Zealot  
  168  11:39  Zealot x5  
  172  11:52  Zealot x3  
  178  11:58  Zealot x2  
  164  12:04  High Templar x2, Zealot x3  
  164  12:06  Immortal  
  170  12:09  Archon  
  170  12:12  Zealot x3  
  158  12:23  Zealot x2  
  158  12:28  High Templar x2, Zealot  
  158  12:29  Probe x2  
  171  12:30  Probe  
  171  12:32  Archon  
  171  12:33  Zealot x3  
  177  12:38  Zealot x2  
  177  12:43  Zealot  
  176  12:54  Zealot x5  
  182  13:01  High Templar x2, Zealot x2  
  181  13:06  Archon  
  136  13:42  Nexus  
  136  13:44  Pylon  
  104  14:42  Nexus  
Tags
 
Add a new tag
Caveats
  • Supply blocks, unpowered buildings, or Contaminate may cause inaccurate times.
  • Supply counts are checked every 10 seconds.